 Dungeon Crawl Stone Soup version 0.28.0-43-g3370ac3207 (webtiles) character file.

Game seed: 11427072890964791824

52 jjjjhere the Chopper (level 3, -1/29 HPs)
             Began as a Demonspawn Monk on Mar 12, 2022.
             Killed by divine providence
             ... invoked by an orc priest
              (8 damage)
             ... on level 2 of the Dungeon.
             The game lasted 00:01:51 (1673 turns).

jjjjhere the Chopper (Demonspawn Monk)              Turns: 1673, Time: 00:01:52

Health: -1/29      AC:  2    Str: 13    XL:     3   Next: 60%
Magic:  3/3        EV: 12    Int: 11    God:
Gold:   96         SH:  0    Dex: 15    Spells: 2/2 levels left

rFire   . . .      SeeInvis .   a - +0 hand axe
rCold   . . .      Faith    .   (no shield)
rNeg    . . .      Spirit   .   b - +0 robe
rPois   .          Reflect  .   (no helmet)
rElec   .          Harm     .   (no cloak)
rCorr   .          Rampage  .   (no gloves)
Will    .....                   (no boots)
Stlth   ++........              (no amulet)
HPRegen 0.09/turn               (no ring)
MPRegen 0.08/turn               (no ring)

@: no status effects
A: ignite blood 1
a: no special abilities


You were on level 2 of the Dungeon.
You visited 1 branch of the dungeon, and saw 2 of its levels.

You collected 96 gold pieces.

Inventory:

Hand Weapons
 a - a +0 hand axe (weapon)
Missiles
 f - 3 silver javelins (quivered)
Armour
 b - a +0 robe (worn)
Scrolls
 c - a scroll of teleportation {unknown}
 d - a scroll of identify {unknown}
 e - a scroll of magic mapping {unknown}


   Skills:
 + Level 3.4 Fighting
 * Level 3.9 Axes
 - Level 2.6 Dodging
 - Level 1.7 Stealth


You had 2 spell levels left.
You didn't know any spells.
Your spell library was empty.

Dungeon Overview and Level Annotations

Branches:
Dungeon (2/15)

Altars:

Shops:
D:1 [


Innate Abilities, Weirdness & Mutations

Your demonic aura sometimes causes spilled blood to erupt in flames.


Message History

Throw: 4 javelins (silver)
Press: ? - help, Q - select action Shift-Dir - straight line, f - orc priest
Aim: an orc priest, wielding a +0 hand axe and wearing a +0 ring mail (63% to hit)
You throw a silver javelin.
The silver javelin closely misses the orc priest.
The orc misses you. The orc closely misses you.
You closely miss the orc priest. You hit the orc. The orc priest misses you.
The orc closely misses you.
You completely miss the orc priest. You punch the orc priest.
The orc priest is moderately wounded.
You barely miss the orc. The orc priest closely misses you.
The orc hits you with a +0 club.
You hit the orc priest.
The orc priest is moderately wounded.
You hit the orc but do no damage. The orc priest barely misses you.
The orc misses you.
You hit the orc priest.
The orc priest is heavily wounded.
You closely miss the orc.
The orc priest hits you with a +0 hand axe.
The orc barely misses you.
You closely miss the orc priest.
The orc priest is heavily wounded.
You hit the orc but do no damage. The orc priest closely misses you.
The orc misses you.
The orc priest calls upon Beogh to heal the orc.
The orc's wounds heal themselves!
You barely miss the orc priest.
The orc priest is heavily wounded.
You hit the orc. The orc hits you with a +0 club.
The orc priest mumbles some strange prayers to Beogh against you.
Pain shoots through your body!
* * * LOW HITPOINT WARNING * * *
You hit the orc priest.
The orc priest is almost dead.
You hit the orc.
You kill the orc!
The orc priest calls down the wrath of Beogh upon you.
Beogh smites you!
You die...

#.# (....#. #.##### .......
#...... ....... #.....
...... #..... . #.... #....
.... #.... #.#.# ......#
###.##o###)#.###.#....#
......○@..))............
........................
.......#####.###........ #
###...............##....
#.#########.................
..........##.###........!...
.#.............##.###..#####
.........................#
#.#####.#.##..#.......#.#


You could see an orc priest.

Vanquished Creatures
  A gnoll (D:1)
  2 dart slugs
  4 orcs (D:2)
  3 ball pythons
  3 bats (D:1)
  4 endoplasms (D:1)
  A giant cockroach (D:1)
  4 goblins (D:1)
  4 hobgoblins
  A quokka (D:1)
  2 frilled lizards (D:1)
  2 kobolds (D:1)
  3 rats (D:1)
34 creatures vanquished.

Notes
Turn   | Place    | Note
-------+----------+-------------------------------------------
     0 | D:1      | jjjjhere the Demonspawn Monk began the quest for the Orb.
     0 | D:1      | Reached XP level 1. HP: 18/18 MP: 1/1
   192 | D:1      | Gained mutation: Your demonic aura sometimes causes spilled
                  | blood to erupt in flames. [demonic ancestry]
   192 | D:1      | Reached XP level 2. HP: 10/24 MP: 2/2
   686 | D:1      | Reached XP level 3. HP: 25/29 MP: 3/3
  1129 | D:1      | Found Astroe's Antique Armour Emporium.
  1276 | D:2      | HP: 9/29 [hobgoblin (3)]
  1519 | D:2      | Found a faded altar of an unknown god.
  1672 | D:2      | HP: 9/29 [orc/+0 club (2)]
  1673 | D:2      | Killed from afar by an orc priest

Illustrated notes

Levels and vault maps discovered:
D:1:      dpeg_arrival_radiant, layout_rooms, serial_shops,
          nicolae_lakefront_shop, minmay_misc_feat_rows, hex_tiny
D:2:      layout_basic, ebering_ecumenical_altar_ruins

Skill      XL: |  1 |
---------------+----+-----
Axes           | 3 |  3.9
Fighting       | |  3.4
Dodging        | |  2.6
Stealth        | |  1.7

Action                   || total
-------------------------++-------
Melee: Hand axe          ||   104
       Punch             ||     1
Throw: Javelin           ||     1
  Use: Potion            ||     2
 Stab: Sleeping          ||     5
Armor: Robe              ||    14
Dodge: Dodged            ||    81
